Map: Eternal Empire LE

Players

Silky - Winner!

  • Race: Zerg Zerg
  • Spawn Location: 1:00

Creature

  • Race: Protoss Protoss
  • Spawn Location: 7:00

Event: The Miserable Cup

VOD

Have the link to the VOD?

Description

Time

  • Played on: June 21, 2020, 3:07 p.m.
  • Length: 9:04

All games in this series

Show
View Real Time Build Order
Export as new Build Order

Silky Zerg - Winner!

Build Orders: Hatch First 

Get SALT Encoding   

  12  0:00  Drone  
  13  0:12  Overlord  
  13  0:17  Drone  
  14  0:30  Drone x2  
  16  0:48  Hatchery  
  15  0:52  Drone  
  15  0:56  Drone  
  17  0:58  Drone  
  18  1:10  Extractor  
  17  1:14  Spawning Pool  
  17  1:17  Drone  
  17  1:20  Drone  
  18  1:28  Drone  
  19  1:39  Drone  
  20  1:47  Hatchery  
  20  1:50  Drone  
  20  2:00  Queen  
  22  2:03  Drone  
  22  2:07  Drone  
  24  2:10  Drone  
  25  2:17  Overlord  
  25  2:23  Queen  
  25  2:27  Drone  
  28  2:31  Metabolic Boost  
  28  2:36  Zergling x2  
  29  2:37  Drone  
  29  2:39  Drone  
  31  2:45  Queen  
  31  2:50  Drone x2  
  35  2:55  Overlord  
  35  2:58  Drone  
  36  3:04  Queen  
  38  3:06  Drone  
  38  3:08  Drone  
  40  3:16  Drone x4  
  44  3:21  Queen  
  44  3:25  Drone  
  44  3:26  Drone  
  48  3:30  Overlord  
  48  3:31  Drone  
  48  3:33  Drone  
  50  3:38  Spore Crawler  
  49  3:45  Overlord  
  49  3:47  Drone  
  50  3:48  Drone x2  
  50  3:50  Drone x3  
  50  3:53  Drone x3  
  58  3:56  Overlord  
  58  4:00  Overlord  
  58  4:04  Zergling x2  
  58  4:05  Zergling x4  
  58  4:06  Spine Crawler  
  58  4:07  Zergling x2  
  58  4:09  Zergling x2  
  62  4:11  Zergling x4  
  62  4:14  Zergling x4  
  66  4:20  Roach Warren, Overlord  
  66  4:23  Zergling x4  
  67  4:25  Spore Crawler  
  67  4:28  Spore Crawler  
  65  4:33  Drone x3  
  65  4:34  Overlord, Drone x2  
  65  4:38  Lair  
  71  4:47  Overlord  
  71  4:54  Zergling x2  
  71  4:55  Zergling x12  
  71  4:56  Overlord  
  75  5:07  Roach x2  
  75  5:08  Roach x5  
  75  5:12  Drone x2  
  88  5:20  Overlord, Extractor x2  
  86  5:26  Drone x2  
  88  5:36  Overlord  
  88  5:37  Overseer  
  88  5:38  Roach x3  
  88  5:40  Drone x3  
  97  5:48  Evolution Chamber  
  97  5:49  Drone x4  
  100  5:51  Overlord  
  100  5:52  Overseer  
  100  5:55  Drone x2  
  102  5:58  Drone  
  101  6:05  Drone x3  
  101  6:06  Drone  
  101  6:07  Drone x2  
  101  6:08  Drone x2  
  101  6:11  Glial Reconstitution  
  107  6:14  Extractor  
  107  6:15  Extractor  
  107  6:16  Zerg Missile Weapons Level 1  
  107  6:17  Drone x2  
  107  6:19  Overlord  
  107  6:20  Drone x2  
  107  6:23  Hatchery  
  107  6:24  Overlord  
  107  6:25  Drone  
  108  6:29  Drone  
  108  6:33  Overlord  
  108  6:34  Roach  
  108  6:35  Roach  
  108  6:39  Overlord  
  112  6:42  Roach x4  
  118  6:49  Overlord, Drone x2  
  118  6:53  Drone  
  118  6:54  Drone  
  122  6:55  Extractor  
  122  6:59  Overlord  
  122  7:00  Roach  
  122  7:01  Roach x2  
  127  7:08  Overlord x2  
  127  7:09  Roach x4  
  135  7:18  Roach x4  
  135  7:22  Roach  
  140  7:26  Roach  
  140  7:27  Overlord  
  140  7:29  Ravager  
  142  7:32  Roach x6  
  142  7:36  Drone  
  142  7:37  Drone, Roach  
  158  7:41  Roach  
  158  7:42  Overlord  
  160  7:45  Ravager x4  
  160  7:47  Zergling x8  
  168  7:53  Overlord  
  168  7:54  Roach x2  
  153  8:05  Roach  
  153  8:06  Roach x7  
  149  8:15  Zergling x2, Roach x7  
  149  8:16  Roach  
  149  8:19  Overlord  
  149  8:22  Roach x3  
  140  8:31  Roach x4  
  144  8:35  Roach x3  
  144  8:37  Roach x2  
  144  8:38  Zergling x2  
  153  8:42  Ravager  
  153  8:43  Ravager  
  153  8:47  Overseer  
  158  8:58  Spore Crawler, Unknown  
Show
View Real Time Build Order
Export as new Build Order

Creature Protoss 

Build Orders: 1 Gate Expand, Archon Immortal, Archon Drop, Dark Templar Rush 

Get SALT Encoding   

  12  0:01  Probe  
  13  0:13  Probe  
  14  0:19  Pylon  
  14  0:25  Probe  
  15  0:33  Probe  
  15  0:39  Gateway  
  15  0:41  Probe  
  16  0:47  Assimilator  
  17  0:51  Probe  
  18  1:03  Probe  
  19  1:16  Probe  
  20  1:25  Nexus  
  20  1:36  Cybernetics Core  
  20  1:38  Probe  
  21  1:46  Assimilator  
  21  1:51  Probe  
  21  1:54  Pylon  
  22  2:03  Probe, Adept  
  23  2:15  Probe  
  26  2:16  Warp Gate  
  26  2:22  Twilight Council  
  26  2:27  Probe  
  27  2:33  Stalker, Probe  
  27  2:36  Probe  
  30  2:41  Probe  
  30  2:44  Probe  
  31  2:50  Probe  
  33  2:53  Robotics Facility, Probe  
  35  3:03  Probe  
  36  3:06  Probe  
  39  3:14  Gateway  
  39  3:15  Probe  
  39  3:18  Probe  
  39  3:19  Dark Shrine  
  39  3:22  Adept  
  41  3:27  Probe  
  41  3:31  Gateway  
  41  3:33  Warp Prism  
  42  3:35  Pylon  
  42  3:45  Probe  
  42  3:48  Probe  
  46  3:52  Assimilator  
  46  3:56  Pylon  
  46  3:57  Probe  
  46  4:00  Probe  
  48  4:06  Pylon, Adept  
  48  4:09  Adept  
  53  4:10  Probe  
  53  4:14  Probe  
  54  4:19  Assimilator  
  54  4:22  Probe  
  55  4:29  Probe  
  56  4:36  Dark Templar x3  
  62  4:41  Probe  
  62  4:44  Pylon  
  63  4:54  Probe  
  64  5:01  Probe  
  64  5:06  Probe  
  66  5:13  Probe  
  59  5:14  Nexus  
  59  5:17  Pylon  
  59  5:18  Probe  
  59  5:20  Dark Templar x2, Archon  
  64  5:21  Dark Templar  
  64  5:25  Archon  
  64  5:28  Probe  
  67  5:31  Forge  
  66  5:40  Observer  
  66  5:45  Pylon, Gateway  
  66  5:47  Pylon, Gateway  
  66  5:48  Probe  
  68  5:50  Protoss Ground Weapons Level 1  
  68  5:55  Immortal  
  68  5:56  Probe  
  69  6:01  Probe  
  74  6:04  Archon  
  74  6:08  Probe, Adept x2  
  78  6:14  Pylon  
  78  6:22  Gateway  
  78  6:23  Gateway  
  78  6:26  Gateway  
  78  6:30  Dark Templar  
  78  6:31  Dark Templar  
  76  6:42  Immortal  
  76  6:43  Archon  
  76  6:44  Charge  
  76  6:46  Probe  
  81  6:57  Nexus  
  81  6:59  Pylon, Zealot  
  83  7:02  Sentry x2  
  83  7:03  Pylon, Sentry x2  
  91  7:12  Immortal  
  93  7:24  Gateway  
  93  7:25  Pylon  
  93  7:34  Sentry  
  93  7:35  Zealot x4  
  93  7:36  Zealot x3  
  109  7:55  Probe  
  108  8:02  Zealot x7  
  110  8:11  Immortal  
  94  8:23  Zealot x6  
  84  8:38  Probe  
  83  8:49  Zealot x7  
Tags
 
Add a new tag
Caveats
  • Supply blocks, unpowered buildings, or Contaminate may cause inaccurate times.
  • Supply counts are checked every 10 seconds.